 Dungeon Crawl Stone Soup version 0.17-a0-1409-ge6d9485 (webtiles) character file.

2900 Fluffy the Basher (level 9, 0/55 HPs)
             Began as a Gargoyle Fighter on June 22, 2015.
             Was an Initiate of the Shining One.
             Killed from afar by a mottled dragon (4 damage)
             ... with a sticky flame
             ... on level 8 of the Dungeon.
             The game lasted 00:17:21 (7035 turns).

Fluffy the Basher (Gargoyle Fighter)                Turns: 7035, Time: 00:17:23

Health: 0/55       AC: 33    Str: 26      XL:     9   Next: 78%
Magic:  11/11      EV:  6    Int: 10      God:    the Shining One [......]
Gold:   399        SH: 10    Dex:  9 (12) Spells: 0 memorised, 8 levels left

rFire  . . .     SeeInvis .     x - +0 morningstar
rCold  . . .     Clarity  .     H - +12 chain mail of Fun {rElec}
rNeg   + . .     SustAt   .     c - +0 shield
rPois  ∞         Gourm    .     z - +0 helmet
rElec  +         Spirit   .     t - +0 cloak
rCorr  .         Warding  .     B - +2 pair of gloves
rMut   .         Stasis   .     (no boots)
MR     .....                    (no amulet)
Stlth  ..........               (no ring)
                                (no ring)

@: mighty, liquid flames, very slightly contaminated, hasted, glowing, very
quick, not resistant to hostile enchantments, extremely unstealthy
A: blink 1, negative energy resistance 1, screaming 1, electricity resistance,
strong 1, unbreathing, petrification resistance, rot immunity, AC +5
a: Blink, Renounce Religion


You were on level 8 of the Dungeon.
You worshipped the Shining One.
The Shining One was noncommittal.
You were not hungry.

You visited 2 branches of the dungeon, and saw 9 of its levels.

You collected 399 gold pieces.

Inventory:

Hand weapons
 x - a +0 morningstar (weapon)
Armour
 c - a +0 shield (worn)
 t - a +0 cloak (worn)
 z - a +0 helmet (worn)
 B - a +2 pair of gloves (worn)
 H - the +12 chain mail of Fun (worn) {rElec}
   (You found it on level 7 of the Dungeon)

   It insulates you from electricity.
Magical devices
 n - a wand of flame (9)
Scrolls
 a - a scroll of fear {unknown}
 b - a scroll of immolation {unknown}
 g - 10 scrolls of identify {unknown}
 h - 7 scrolls of remove curse {unknown}
 l - a scroll of recharging {unknown}
 p - 4 scrolls of enchant armour {unknown}
 q - 2 scrolls of blinking {unknown}
 r - 2 scrolls of noise {unknown}
 s - 2 scrolls of amnesia {unknown}
 v - a scroll of random uselessness {unknown}
 y - a scroll of teleportation {unknown}
 A - a scroll of fog {unknown}
Potions
 k - 6 potions of curing
 m - a potion of resistance {unknown}
 o - a potion of heal wounds {unknown}
 u - a potion of poison {unknown}
 w - a potion of magic {unknown}
 C - a potion of flight {unknown}
 D - a potion of ambrosia {unknown}
 E - 2 potions of degeneration
 F - a potion of brilliance {unknown}
Comestibles
 e - 5 bread rations
 i - 2 meat rations
 G - a royal jelly


   Skills:
 + Level 5.9 Fighting
 + Level 10.1 Maces & Flails
 + Level 6.0 Armour
 + Level 6.2 Shields
 + Level 2.9 Invocations


You had 8 spell levels left.
You didn't know any spells.

Dungeon Overview and Level Annotations

Branches:
Dungeon (8/15)             Temple (1/1) D:4
   Lair: D:8-11

Altars:
Ashenzari
Cheibriados
Dithmenos
Elyvilon
Gozag
Kikubaaqudgha
Makhleb
Nemelex Xobeh
Qazlal
Ru
Sif Muna
Trog
Vehumet
Xom
Yredelemnul
Zin
The Shining One

Shops:
D:6 *

Annotations:
D:8 Maurice


Innate Abilities, Weirdness & Mutations

You are resistant to torment.
Your stone body is resilient (AC +5).
You are immune to poison.
You resist negative energy.
You are resistant to electric shocks.
You can survive without breathing.
You are immune to petrification.
You are immune to rotting.
You can translocate small distances at will.
You occasionally shout uncontrollably at your foes.
Your muscles are strong. (Str +2)


Message History

You block the hippogriff's attack. x3
Drink which item? (? for menu, Esc to quit)
It was a potion of haste.
You feel yourself speed up.
You are covered in liquid flames!
* * * LOW HITPOINT WARNING * * *
You block its attack. You block the mottled dragon's attack.
The mottled dragon claws you but does no damage.
The hippogriff bites you but does no damage.
The hippogriff barely misses you.
The hippogriff claws you but does no damage.
Maurice says, "Betcha didn't see that coming, eh?"
You are very lightly contaminated with residual magic.
Drink which item? (? for menu, Esc to quit)
It was a potion of mutation.
You feel extremely strange.
You feel jittery.
You feel stronger.
You feel the urge to shout. Something hits you but does no damage.
The mottled dragon breathes sticky fire at you.
The sticky flame hits you!
You are covered in liquid flames!
You die...

.... #. .}.# #..
####.⌠.# # #..#.
#..#@|.#.. .....
......l ....###.o..
...... ##...ZYl##
#...... #....W{DH#
#!...# #?.#..#@.#
###...#######Y.####
......#..#$.#..#.?#
.........#........#
........###......##
....<)......###......
.............# ......
.....<....#.$# .#...#
.........!#### ##...#


You could see Maurice, a hippogriff, a hungry ghost, an orc warrior, a wyvern, a
mottled dragon, a sky beast and a centaur zombie.

Vanquished Creatures
  Prince Ribbit (D:7)
  A hungry ghost (D:7)
  Duvessa (D:6)
  3 ogres
  2 phantoms
  2 sky beasts (D:7)
  An ice beast (D:7)
  A giant frog (D:7)
  A big kobold (D:5)
  4 centaurs
  A gnoll sergeant (D:7)
  Dowan (D:6)
  A scorpion (D:7)
  3 hounds
  4 crimson imps (D:5)
  A giant frog skeleton (D:6)
  A centaur skeleton (D:4)
  5 orc priests
  A centaur zombie (D:6)
  3 iguanas
  A jelly (D:4)
  4 orc wizards
  5 worker ants
  6 adders
  12 gnolls
  2 shadow imps (D:6)
  4 worms
  6 giant geckos
  18 orcs
  15 bats
  3 giant cockroaches
  14 goblins
  10 hobgoblins
  5 jackals
  4 quokkas
  A ball python skeleton (D:4)
  2 giant gecko zombies
  3 giant newts
  37 kobolds
  A quokka skeleton (D:4)
  9 rats
200 creatures vanquished.

Notes
Turn   | Place    | Note
--------------------------------------------------------------
     0 | D:1      | Fluffy the Gargoyle Fighter began the quest for the Orb.
     0 | D:1      | Reached XP level 1. HP: 14/14 MP: 1/1
   316 | D:1      | Reached XP level 2. HP: 17/19 MP: 2/2
   849 | D:2      | Reached XP level 3. HP: 15/23 MP: 3/3
  1129 | D:2      | Found an ancient bone altar of Kikubaaqudgha.
  1158 | D:2      | Reached skill level 4 in Maces & Flails
  1251 | D:3      | Reached XP level 4. HP: 20/28 MP: 4/4
  1356 | D:3      | Found a faded altar to an unknown god.
  1359 | D:3      | Found a radiant altar of Vehumet.
  1774 | D:3      | Found a burning altar of Makhleb.
  1827 | D:3      | Reached skill level 5 in Maces & Flails
  1827 | D:3      | Reached XP level 5. HP: 32/32 MP: 5/5
  2171 | D:4      | Found a staircase to the Ecumenical Temple.
  2182 | Temple   | Entered the Ecumenical Temple
  2377 | D:4      | Found an opulent altar of Gozag.
  2403 | D:4      | Reached skill level 6 in Maces & Flails
  2403 | D:4      | Reached XP level 6. HP: 34/37 MP: 6/6
  2517 | D:4      | Noticed a centaur
  2557 | D:4      | Killed a centaur
  2557 | D:4      | Reached skill level 7 in Maces & Flails
  2907 | D:4      | Reached XP level 7. HP: 31/41 MP: 7/7
  3346 | D:5      | Entered Level 5 of the Dungeon
  3406 | D:5      | Reached skill level 8 in Maces & Flails
  3790 | D:5      | Reached skill level 9 in Maces & Flails
  3790 | D:5      | Reached XP level 8. HP: 16/46 MP: 8/8
  5229 | D:6      | Found Kogebb's Assorted Antiques.
  5594 | D:6      | Noticed Dowan
  5595 | D:6      | Noticed Duvessa
  5614 | D:6      | Killed Duvessa
  5639 | D:6      | Killed Dowan
  5921 | D:6      | Reached skill level 5 in Shields
  5932 | D:6      | Reached skill level 5 in Fighting
  5932 | D:6      | Reached XP level 9. HP: 46/54 MP: 9/9
  5980 | D:6      | Reached skill level 5 in Armour
  6110 | D:6      | Found a glowing golden altar of the Shining One.
  6117 | D:6      | Became a worshipper of the Shining One
  6216 | D:7      | Reached skill level 1 in Invocations
  6234 | D:7      | Got a scorched chain mail
  6245 | D:7      | Identified the +12 chain mail of Fun {rElec} (You found it on level 7 of the Dungeon)
  6290 | D:7      | Noticed Prince Ribbit
  6325 | D:7      | Killed Prince Ribbit
  6325 | D:7      | Reached skill level 10 in Maces & Flails
  6935 | D:7      | Found a bloodstained altar of Trog.
  7033 | D:8      | Noticed Maurice
  7035 | D:8      | Gained mutation: You can translocate small distances at will. [potion of mutation]
  7035 | D:8      | Gained mutation: Your muscles are strong. (Str +2) [potion of mutation]
  7035 | D:8      | Gained mutation: You occasionally shout uncontrollably at your foes. [potion of mutation]
  7035 | D:8      | Killed from afar by a mottled dragon

Vault maps used:
D:1:      evilmike_arrival_plus
D:2:      lemuel_doored_altar
D:3:      lemuel_crystal_altar, lemuel_round_altar, first_bread,
          ecumenical_altar_2
D:4:      lemuel_crystal_altar, temple_pool_b, minmay_curled_crystal
D:5:      kennysheep_kobold_camp
D:6:      serial_shops, shop_statue, tso_altar, uniq_duvessa
D:7:      lightli_temple_of_fire, uniq_prince_ribbit1
D:8:      hangedman_cross_cluster, nicolae_overflow_crystal_walls, lair_0_dummy,
          hangedman_tree_tricks, uniq_maurice
Temple:   bh_familiar_temple

Action                   |  1- 3 |  4- 6 |  7- 9 || total
-------------------------+-------+-------+-------++-------
Melee: Flail             |   150 |   173 |       ||   323
       Morningstar       |       |    14 |   497 ||   511
Evoke: Wand              |       |       |     7 ||     7
  Use: Potion            |       |       |     7 ||     7
 Stab: Distracted        |       |       |     1 ||     1
  Eat: Chunk             |     1 |     6 |    13 ||    20
       Bread ration      |       |       |     1 ||     1
